SAAA
PENNSAUKEN FLYERS @ ALLOWAY HALBERDS
07/18/2034
 
TOP OF THE 1ST
Pennsauken Flyers batting - Pitching for Alloway Halberds : RHP Peter Glenn
Pitching: RHP Peter Glenn
Batting: LHB Arana Sashi 0-0: Called Strike
0-1: Ball
1-1: Ball
2-1: Swinging Strike
2-2: Ground out 6-3 (Groundball, 6)
Batting: RHB Leo Cadden 0-0: Ball
1-0: Ball
2-0: Ground out 6-3 (Groundball, 6MS)
Batting: RHB José Rodríguez 0-0: Called Strike
0-1: Foul Ball, location: 2F
0-2: Foul Ball, location: 2F
0-2: Strikes out swinging
Top of the 1st over - 0 runs, 0 hits, 0 errors, 0 left on base; Pennsauken 0 - Alloway 0
BOTTOM OF THE 1ST
Alloway Halberds batting - Pitching for Pennsauken Flyers : RHP Romano Martínez
Pitching: RHP Romano Martínez
Batting: RHB Tom Boyer 0-0: Called Strike
0-1: Foul Ball, location: 2F
0-2: Strikes out looking
Batting: RHB Cisco Hernández 0-0: Ball
1-0: DOUBLE (Groundball, 5L)
Batting: LHB Salvador Ramírez 0-0: Called Strike
0-1: Fly out, F4 (Popup, 4MS)
Batting: RHB Manny Gonzáles 0-0: Called Strike
0-1: Ground out 5-3 (Groundball, 56S)
Bottom of the 1st over - 0 runs, 1 hit, 0 errors, 1 left on base; Pennsauken 0 - Alloway 0
TOP OF THE 2ND
Pennsauken Flyers batting - Pitching for Alloway Halberds : RHP Peter Glenn
Batting: RHB Raúl Moreno 0-0: Ball
1-0: Swinging Strike
1-1: Foul Ball, location: 2F
1-2: Reached on error, E6 (Groundball, 56D)
Batting: RHB Clarence Therrien 0-0: Ball
1-0: Foul Ball, location: 2F
1-1: Called Strike
1-2: Strikes out looking
Batting: RHB Marc Beck 0-0: Foul Ball, location: 2F
0-1: Foul Ball, location: 2F
0-2: Ball
1-2: Strikes out swinging
Batting: RHB Roy McFerran 0-0: Ball
1-0: Ball
2-0: Called Strike
2-1: Ground out 5-3 (Groundball, 56S)
Top of the 2nd over - 0 runs, 0 hits, 1 error, 1 left on base; Pennsauken 0 - Alloway 0
BOTTOM OF THE 2ND
Alloway Halberds batting - Pitching for Pennsauken Flyers : RHP Romano Martínez
Batting: LHB Mike Clifton 0-0: Fly out, F7 (Flyball, 7)
Batting: RHB Carlos De Jesús 0-0: Called Strike
0-1: Foul Ball, location: 2F
0-2: Foul Ball, location: 2F
0-2: Ground out 5-3 (Groundball, 56)
Batting: RHB Jordan Hollins 0-0: Foul Ball, location: 2F
0-1: Ground out 1-3 (Groundball, 13S)
Bottom of the 2nd over - 0 runs, 0 hits, 0 errors, 0 left on base; Pennsauken 0 - Alloway 0
TOP OF THE 3RD
Pennsauken Flyers batting - Pitching for Alloway Halberds : RHP Peter Glenn
Batting: RHB John Downing 0-0: Swinging Strike
0-1: Foul Ball, location: 2F
0-2: Strikes out looking
Batting: RHB Raúl Javier Jr. 0-0: Called Strike
0-1: Swinging Strike
0-2: SINGLE (Groundball, 4MD)
Batting: LHB Arana Sashi 0-0: Swinging Strike
0-1: Ball
1-1: Foul Ball, location: 2F
1-2: Foul Ball, location: 2F
1-2: Ball
2-2: Ball
3-2: Foul Ball, location: 2F
3-2: Fly out, F9 (Line Drive, 89D)
Batting: RHB Leo Cadden 0-0: Foul Ball, location: 2F
0-1: Swinging Strike
0-2: Ball
1-2: Ball
2-2: SINGLE (Flyball, 89S)
Raúl Javier Jr. to second
Batting: RHB José Rodríguez 0-0: Fly out, F5 (Line Drive, 56)
Top of the 3rd over - 0 runs, 2 hits, 0 errors, 2 left on base; Pennsauken 0 - Alloway 0
BOTTOM OF THE 3RD
Alloway Halberds batting - Pitching for Pennsauken Flyers : RHP Romano Martínez
Batting: RHB Juan Salinas 0-0: Called Strike
0-1: Foul Ball, location: 2F
0-2: Ball
1-2: Ball
2-2: Ground out U3 (Groundball, 34)
Batting: RHB Carlos Ramírez 0-0: Fly out, F7 (Flyball, 7S)
Batting: RHB Tom Boyer 0-0: Ball
1-0: Called Strike
1-1: Foul Ball, location: 2F
1-2: Ball
2-2: Ground out 1-3 (Groundball, P)
Bottom of the 3rd over - 0 runs, 0 hits, 0 errors, 0 left on base; Pennsauken 0 - Alloway 0
TOP OF THE 4TH
Pennsauken Flyers batting - Pitching for Alloway Halberds : RHP Peter Glenn
Batting: RHB Raúl Moreno 0-0: Fly out, F9 (Flyball, 9LM)
Batting: RHB Clarence Therrien 0-0: Ball
1-0: Foul Ball, location: 2F
1-1: Foul Ball, location: 2F
1-2: Foul Ball, location: 2F
1-2: Foul Ball, location: 2F
1-2: Ball
2-2: Foul Ball, location: 2F
2-2: Ground out 1-3 (Groundball, P)
Batting: RHB Marc Beck 0-0: Ball
1-0: Ball
2-0: Ball
3-0: Called Strike
3-1: Fly out, F3 (Popup, 3L)
Top of the 4th over - 0 runs, 0 hits, 0 errors, 0 left on base; Pennsauken 0 - Alloway 0
BOTTOM OF THE 4TH
Alloway Halberds batting - Pitching for Pennsauken Flyers : RHP Romano Martínez
Batting: RHB Cisco Hernández 0-0: Swinging Strike
0-1: Ball
1-1: Ball
2-1: Swinging Strike
2-2: Foul Ball, location: 2F
2-2: Ball
3-2: Foul Ball, location: 2F
3-2: Fly out, F9 (Flyball, 9)
Batting: LHB Salvador Ramírez 0-0: Called Strike
0-1: SINGLE (Flyball, 89S)
Batting: RHB Manny Gonzáles 0-0: Ball
1-0: Ball
2-0: Ball
Wild Pitch!
Salvador Ramírez to second
3-0: Base on Balls
Batting: LHB Mike Clifton 0-0: Ball
1-0: Foul Ball, location: 2F
1-1: Foul Ball, location: 2F
1-2: Strikes out swinging
Batting: RHB Carlos De Jesús 0-0: Ball
1-0: Ball
2-0: Foul Ball, location: 2F
2-1: Ball
Wild Pitch!
Salvador Ramírez to third
Manny Gonzáles to second
3-1: Fly out, F8 (Flyball, 8LM)
Bottom of the 4th over - 0 runs, 1 hit, 0 errors, 2 left on base; Pennsauken 0 - Alloway 0
TOP OF THE 5TH
Pennsauken Flyers batting - Pitching for Alloway Halberds : RHP Peter Glenn
Batting: RHB Roy McFerran 0-0: Ball
1-0: Called Strike
1-1: Ball
2-1: Called Strike
2-2: Ball
3-2: Strikes out looking
Batting: RHB John Downing 0-0: Foul Ball, location: 2F
0-1: Ball
1-1: Foul Ball, location: 2F
1-2: Ball
2-2: Strikes out swinging
Batting: RHB Raúl Javier Jr. 0-0: Called Strike
0-1: Foul Ball, location: 2F
0-2: Strikes out looking
Top of the 5th over - 0 runs, 0 hits, 0 errors, 0 left on base; Pennsauken 0 - Alloway 0
BOTTOM OF THE 5TH
Alloway Halberds batting - Pitching for Pennsauken Flyers : RHP Romano Martínez
Batting: RHB Jordan Hollins 0-0: Called Strike
0-1: Swinging Strike
0-2: Ball
1-2: Strikes out swinging
Batting: RHB Juan Salinas 0-0: Ball
1-0: SINGLE (Groundball, 4MD)
Batting: RHB Carlos Ramírez 0-0: Fielders Choice at 2nd, 6-4 (Groundball, 6)
Batting: RHB Tom Boyer 0-0: SINGLE (Groundball, 15) (infield hit)
Carlos Ramírez to second
Batting: RHB Cisco Hernández 0-0: Ball
1-0: Ball
2-0: Ball
3-0: Called Strike
3-1: SINGLE (Line Drive, 6MD)
Carlos Ramírez to third
Tom Boyer to second
Runner from 3rd tries for Home, throw and OUT!
Bottom of the 5th over - 0 runs, 3 hits, 0 errors, 2 left on base; Pennsauken 0 - Alloway 0
TOP OF THE 6TH
Pennsauken Flyers batting - Pitching for Alloway Halberds : RHP Peter Glenn
Batting: LHB Arana Sashi 0-0: Ball
1-0: Called Strike
1-1: Ball
2-1: Foul Ball, location: 2F
2-2: Ball
3-2: Ground out 5-3 (Groundball, 56)
Batting: RHB Leo Cadden 0-0: Called Strike
0-1: Ball
1-1: DOUBLE (Line Drive, 8LXD)
Batting: RHB José Rodríguez 0-0: Foul Ball, location: 2F
0-1: Ball
1-1: Foul Ball, location: 2F
1-2: Strikes out swinging
Batting: RHB Raúl Moreno 0-0: Ball
1-0: Called Strike
1-1: Ball
2-1: Foul Ball, location: 2F
2-2: Fly out, F7 (Flyball, 7S)
Top of the 6th over - 0 runs, 1 hit, 0 errors, 1 left on base; Pennsauken 0 - Alloway 0
BOTTOM OF THE 6TH
Alloway Halberds batting - Pitching for Pennsauken Flyers : RHP Romano Martínez
Batting: LHB Salvador Ramírez 0-0: Ball
1-0: Called Strike
1-1: Ball
2-1: Ball
3-1: Base on Balls
Batting: RHB Manny Gonzáles 0-0: Reached on error, E8 (Flyball, 8RD)
Salvador Ramírez to third
Batting: LHB Mike Clifton 0-0: Ball
1-0: Foul Ball, location: 2F
1-1: Foul Ball, location: 2F
1-2: Foul Ball, location: 2F
1-2: SINGLE (Groundball, 4MD)
Salvador Ramírez scores
Manny Gonzáles to third
Batting: RHB Carlos De Jesús 0-0: DOUBLE (Line Drive, 78XD)
Manny Gonzáles scores
Mike Clifton to third
Runner from 3rd tries for Home, SAFE, no throw
Batting: RHB Jordan Hollins 0-0: Called Strike
0-1: Ball
1-1: Ground out 6-3 (Groundball, 6)
Batting: RHB Juan Salinas 0-0: Ball
1-0: SINGLE (Flyball, 9S)
Carlos De Jesús to third
Runner from 3rd tries for Home, SAFE, no throw
Batting: RHB Carlos Ramírez 0-0: Ball
1-0: Ball
2-0: Ball
3-0: Base on Balls
Juan Salinas to second
Batting: RHB Tom Boyer 0-0: Fly out, F5 (Popup, 25F)
Batting: RHB Cisco Hernández 0-0: Ball
1-0: Ball
2-0: Ball
3-0: Base on Balls
Juan Salinas to third
Carlos Ramírez to second
Batting: LHB Salvador Ramírez 0-0: Swinging Strike
0-1: Ball
1-1: Called Strike
1-2: Ball
2-2: Ball
3-2: Base on Balls
Juan Salinas scores
Carlos Ramírez to third
Cisco Hernández to second
Pitching: LHP Arnie Banks
Batting: RHB Manny Gonzáles 0-0: Ball
1-0: Ball
2-0: Ball
3-0: Base on Balls
Carlos Ramírez scores
Cisco Hernández to third
Salvador Ramírez to second
Batting: LHB Mike Clifton 0-0: Ball
1-0: Foul Ball, location: 2F
1-1: Foul Ball, location: 2F
1-2: Ball
2-2: Ground out 4-3 (Groundball, 34)
Bottom of the 6th over - 6 runs, 3 hits, 1 error, 3 left on base; Pennsauken 0 - Alloway 6
TOP OF THE 7TH
Pennsauken Flyers batting - Pitching for Alloway Halberds : RHP Peter Glenn
Batting: RHB Clarence Therrien 0-0: Ball
1-0: Ball
2-0: Ball
3-0: Base on Balls
Pitching: RHP Akihiko Rin
Batting: RHB Marc Beck 0-0: Called Strike
0-1: Ball
1-1: Foul Ball, location: 2F
1-2: Ball
2-2: Strikes out swinging
Batting: RHB Roy McFerran 0-0: Ball
1-0: Swinging Strike
1-1: Ball
2-1: Foul Ball, location: 2F
2-2: Foul Ball, location: 2F
2-2: Ball
3-2: Fly out, F7 (Flyball, 7)
Batting: RHB John Downing 0-0: Called Strike
0-1: SINGLE (Line Drive, 7)
Clarence Therrien to second
Batting: RHB Raúl Javier Jr. 0-0: Called Strike
0-1: Swinging Strike
0-2: Strikes out swinging
Top of the 7th over - 0 runs, 1 hit, 0 errors, 2 left on base; Pennsauken 0 - Alloway 6
BOTTOM OF THE 7TH
Alloway Halberds batting - Pitching for Pennsauken Flyers : LHP Arnie Banks
Batting: RHB Carlos De Jesús 0-0: Called Strike
0-1: Ball
1-1: Ball
2-1: Ball
3-1: Called Strike
3-2: Foul Ball, location: 2F
3-2: Foul Ball, location: 2F
3-2: Foul Ball, location: 2F
3-2: Strikes out swinging
Batting: RHB Jordan Hollins 0-0: DOUBLE (Line Drive, 78S)
Batting: RHB Juan Salinas 0-0: Fly out, F9 (Flyball, 89S)
Batting: RHB Carlos Ramírez 0-0: Ball
1-0: Swinging Strike
1-1: Called Strike
1-2: Strikes out swinging
Bottom of the 7th over - 0 runs, 1 hit, 0 errors, 1 left on base; Pennsauken 0 - Alloway 6
TOP OF THE 8TH
Pennsauken Flyers batting - Pitching for Alloway Halberds : RHP Akihiko Rin
Now at 2B: Christovão Galho
Now in CF: Octávio Beltzán
Batting: LHB Arana Sashi 0-0: Fly out, F7 (Flyball, 7D)
Batting: RHB Leo Cadden 0-0: Called Strike
0-1: Ball
1-1: DOUBLE (Line Drive, 89D)
Batting: RHB José Rodríguez 0-0: Ground out 5-3 (Groundball, 5S)
Leo Cadden to third
Batting: RHB Raúl Moreno 0-0: Swinging Strike
0-1: Called Strike
0-2: Strikes out looking
Top of the 8th over - 0 runs, 1 hit, 0 errors, 1 left on base; Pennsauken 0 - Alloway 6
BOTTOM OF THE 8TH
Alloway Halberds batting - Pitching for Pennsauken Flyers : LHP Arnie Banks
Batting: RHB Tom Boyer 0-0: Foul Ball, location: 2F
0-1: Foul Ball, location: 2F
0-2: Ball
1-2: Foul Ball, location: 2F
1-2: Ball
2-2: DOUBLE (Flyball, 7LD)
Batting: RHB Cisco Hernández 0-0: Ball
1-0: Ball
2-0: Ball
3-0: Called Strike
3-1: Foul Ball, location: 2F
3-2: Strikes out swinging
Batting: LHB Salvador Ramírez 0-0: Called Strike
0-1: Swinging Strike
0-2: Ball
1-2: SINGLE (Flyball, 89S)
Tom Boyer to third
Runner from 3rd tries for Home, SAFE, no throw
Batting: RHB Manny Gonzáles 0-0: Swinging Strike
0-1: Called Strike
0-2: Ball
1-2: Fly out, F3 (Line Drive, 34)
Batting: LHB Mike Clifton 0-0: Ground out U3 (Groundball, 34)
Bottom of the 8th over - 1 run, 2 hits, 0 errors, 1 left on base; Pennsauken 0 - Alloway 7
TOP OF THE 9TH
Pennsauken Flyers batting - Pitching for Alloway Halberds : RHP Akihiko Rin
Now at 1B: Lúcio Sánchez
Batting: RHB Clarence Therrien 0-0: Ball
1-0: Ball
2-0: Ball
3-0: Base on Balls
Batting: RHB Marc Beck 0-0: Fly out, F8 (Flyball, 8RXD)
Batting: RHB Roy McFerran 0-0: Ball
1-0: Ball
2-0: Foul Ball, location: 2F
2-1: Ball
Passed Ball!
Clarence Therrien to second
3-1: Fly out, F9 (Flyball, 9)
Batting: RHB John Downing 0-0: Ball
1-0: Called Strike
1-1: Ball
2-1: Foul Ball, location: 2F
2-2: Foul Ball, location: 2F
2-2: Ball
3-2: Strikes out looking
Top of the 9th over - 0 runs, 0 hits, 0 errors, 1 left on base; Pennsauken 0 - Alloway 7
Friday, March 29th, 2019 - OOTP Baseball 18.8 Build 76